 Dungeon Crawl Stone Soup version 0.30.1-11-g7821555f0a (webtiles) character file.

Game seed: 9871132037239922760

43122 Eitelfritz the Severer (level 14, 0/119 HPs)
             Began as a Hill Orc Fighter on Jan 13, 2024.
             Was a High Priest of Hepliaklqana.
             Slain by a sixfirhy (15 damage)
             ... summoned by an orc sorcerer
             ... on level 2 of the Orcish Mines.
             The game lasted 00:34:00 (14855 turns).

Eitelfritz the Severer (Hill Orc Fighter)          Turns: 14855, Time: 00:34:00

Health: 0/119      AC:  0    Str: 27    XL:     14   Next: 22%
Magic:  14/14      EV: 19    Int:  8    God:    Hepliaklqana [*****.]
Gold:   574        SH: 11    Dex: 13    Spells: 13/13 levels left

rFire   + . .        a - +8 broad axe of the Final Decision {freeze, Str+3 Dex+3 SInv}
rCold   . . .        m - +0 kite shield
rNeg    . . .        v - +0 troll leather armour
rPois   .            R - +2 helmet
rElec   .            J - +2 cloak {Will+}
rCorr   .            (no gloves)
SInv    +            f - +1 pair of boots
Will    ++...        G - amulet of regeneration
Stlth   ++           y - +5 ring of evasion
HPRegen 1.99/turn    E - ring of protection from fire
MPRegen 0.14/turn

%: no passive effects
@: corroded, studying Axes
A: reduced essence
a: Renounce Religion, Convert to Beogh, Recall Ancestor, Ancestor Identity,
Transference, Idealise


You were on level 2 of the Orcish Mines.
You worshipped Hepliaklqana.
Hepliaklqana was extremely pleased with you.
You visited 3 branches of the dungeon, and saw 17 of its levels.

You collected 1173 gold pieces.
You spent 599 gold pieces at shops.

Inventory:

Hand Weapons
 a - the +8 broad axe of the Final Decision (weapon) {freeze, Str+3 Dex+3 SInv}
   (You found it on level 10 of the Dungeon)

   Str:       It affects your strength (+3).
   Dex:       It affects your dexterity (+3).
   SInv:      It lets you see invisible.
 b - a +1 broad axe of flaming
 c - the +11 war axe "Sarcophage" {speed, rPois}
   (You bought it in a shop on level 10 of the Dungeon)

   rPois:     It protects you from poison.
 P - a +0 sling
Missiles
 l - 6 throwing nets
 w - 10 boomerangs
 A - 25 poisoned darts (quivered)
 H - 3 curare-tipped darts
 Q - 4 datura-tipped darts
Armour
 f - a +1 pair of boots (worn)
 m - a +0 kite shield (worn)
 u - +0 acid dragon scales
 v - a +0 troll leather armour (worn)
 J - a +2 cloak of willpower (worn)
 K - a +1 buckler of protection
 R - a +2 helmet (worn)
Jewellery
 o - a ring of fire
 q - an amulet of guardian spirit
 t - a ring of fire
 y - a +5 ring of evasion (left hand)
 B - a ring of fire
 E - a ring of protection from fire (right hand)
 G - an amulet of regeneration (around neck)
 T - a +6 ring of intelligence
Wands
 n - a wand of acid (13)
 N - a wand of digging (1)
 U - a wand of flame (9)
 V - a wand of roots (8)
Scrolls
 h - 3 scrolls of fear
 k - a scroll of blinking
 C - 2 scrolls of torment
 D - 2 scrolls of vulnerability
 F - 3 scrolls of teleportation
 I - 3 scrolls of amnesia
 L - 2 scrolls of poison
 S - a scroll of silence
 W - 2 scrolls of identify
Potions
 d - 2 potions of might
 e - 9 potions of curing
 g - 4 potions of lignification
 i - 7 potions of haste
 p - 2 potions of magic
 r - a potion of ambrosia
 s - 2 potions of brilliance
 x - 2 potions of invisibility
 z - 2 potions of flight
 M - a potion of mutation
 O - a potion of berserk rage {unknown}


   Skills:
 + Level 14.3 Fighting
 + Level 20.8 Axes
 + Level 0.2 Ranged Weapons
 + Level 10.0 Armour
 + Level 7.0 Dodging
 + Level 3.9 Stealth
 + Level 9.9 Shields


You had 13 spell levels left.
You didn't know any spells.
Your spell library contained the following spells:

 Spells                   Type           Power      Damage    Failure   Level
 Kiss of Death            Conj/Necr      0%         2d5       63%         1
 Shock                    Conj/Air       0%         1d3       63%         1
 Summon Small Mammal      Summ           0%         N/A       63%         1
 Blink                    Tloc           0%         N/A       77%         2
 Cigotuvi's Dreadful Rot  Necr/Pois/Air  0%         N/A       77%         2
 Ensorcelled Hibernation  Hex/Ice        0%         N/A       77%         2
 Lesser Beckoning         Tloc           0%         N/A       77%         2
 Momentum Strike          Conj/Tloc      0%         3d8       77%         2
 Call Canine Familiar     Summ           0%         N/A       94%         3
 Confusing Touch          Hex            0%         N/A       94%         3
 Ignite Poison            Fire/Tmut/Pois 0%         N/A       94%         3
 Inner Flame              Hex/Fire       0%         N/A       94%         3
 Spider Form              Tmut/Pois      0%         N/A       94%         3
 Summon Guardian Golem    Hex/Summ       0%         N/A       94%         3
 Swiftness                Air            0%         N/A       94%         3
 Airstrike                Air            0%         2d(0-16)  100%        4
 Anguish                  Hex/Necr       0%         N/A       100%        4
 Dispel Undead            Necr           0%         3d6       100%        4
 Iskenderun's Mystic Bla  Conj/Tloc      0%         2d3       100%        4
 Petrify                  Tmut/Erth      0%         N/A       100%        4
 Sticky Flame             Conj/Fire      0%         2d3       100%        4
 Fireball                 Conj/Fire      0%         3d3       100%        5
 Freezing Cloud           Conj/Ice/Air   0%         6-21      100%        5
 Metabolic Englaciation   Hex/Ice        0%         N/A       100%        5
 Eringya's Noxious Bog    Tmut/Pois      0%         N/A       100%        6
 Plasma Beam              Fire/Air       0%         2x1d11    100%        6
 Starburst                Conj/Fire      0%         6d3       100%        6
 Statue Form              Tmut/Erth      0%         N/A       100%        6
 Malign Gateway           Summ/Tloc      0%         N/A       100%        7
 Summon Horrible Things   Summ           0%         N/A       100%        8


Dungeon Overview and Level Annotations

Branches:
Dungeon (14/15)            Temple (1/1) D:7            Lair (0/5) D:10
    Orc (2/2) D:12         Vaults (0/5) D:13
    Elf: Orc:2

Altars:
Ashenzari
Cheibriados
Dithmenos
Elyvilon
Fedhas
Gozag
Hepliaklqana
Kikubaaqudgha
Makhleb
Nemelex Xobeh
Okawaru
Qazlal
Ru
Sif Muna
Trog
Uskayaw
Vehumet
Wu Jian
Xom
Yredelemnul
Zin
The Shining One
Beogh

Shops:
D:10 (([[*   Orc:2 (


Message History

You freeze the chaos spawn.
The orc high priest shouts, "Surrender to Beogh and we'll let you live!"
You hit the orc knight but do no damage.
The orc knight roars a battlecry!
The orcs go into a battle-frenzy!
The orc warrior hits you from afar with a +0 trident!
* * * LOW HITPOINT WARNING * * *
An orc knight comes into view. It is wielding a +0 battleaxe.
An orc warrior comes into view. It is wielding a +0 battleaxe.
You block the chaos spawn's attack.
The orc high priest shouts, "Surrender to Beogh and we'll let you live!"
You completely miss the sixfirhy.
You hit the orc knight but do no damage.
You hit the chaos spawn. You freeze the chaos spawn.
The orc warrior hits you from afar with a +0 trident!
* * * LOW HITPOINT WARNING * * *
You block the orc knight's attack.
Unknown command.
The sixfirhy attacks as you move away! You block the sixfirhy's attack.
The sixfirhy barely misses you. The sixfirhy closely misses you.
The sixfirhy hits you!
* * * LOW HITPOINT WARNING * * *
The sixfirhy shocks you!
* * * LOW HITPOINT WARNING * * *
You block the sixfirhy's attack. The sixfirhy closely misses you.
The sixfirhy completely misses you. You block the chaos spawn's attack.
You feel better.
The orc high priest no longer looks unusually strong.
The orc knight no longer looks unusually strong.
The orc warrior no longer looks unusually strong.
You block the chaos spawn's attack.
The orc high priest utters an invocation to Beogh.
You block the orc warrior's attack.
The orc high priest invokes the aid of Beogh against you.
Beogh smites you!
* * * LOW HITPOINT WARNING * * *
You feel better.
The orc warrior no longer looks unusually strong.
You block the sixfirhy's attack. The sixfirhy hits you!
You die...

#.
..#####.##...<#
o ...##.###...#
#o ...##.#
##....# .
...##.# .......
#. #. ##..##..#
##..#.#...
#∩.#o##4..##.##
....#....
#.o.o4oo##..#
....... .
#..ooo##..##
...... ..
#####43@.##
######


You could see 2 orc knights, an orc high priest, a rust devil (summoned), a
sixfirhy (summoned), a chaos spawn (summoned), an orc sorcerer (strong), an orc
priest (strong) and an orc wizard (strong).

Vanquished Creatures
  Agnes (D:14)
  2 hydras
  A rakshasa (D:14)
  The ghost of Kallu the Artisan of Death, a journeyman DrEE of Kikubaaqudgha (D:10)
  7 vault guards (D:13)
  2 centaur warriors (D:13)
  A boulder beetle (D:12)
  5 two-headed ogres
  An orc high priest (Orc:2)
  A fire crab (shapeshifter) (D:14)
  3 skeletal warriors (D:14)
  A deep elf pyromancer (D:14)
  5 cyclopes
  3 ugly things
  A salamander (shapeshifter) (D:14)
  2 orc sorcerers (Orc:2)
  A manticore (D:13)
  4 centaur zombies (D:11)
  2 unseen horrors
  2 gargoyles
  2 komodo dragons (D:10)
  7 trolls
  A hornet (D:8)
  A meliai zombie (D:11)
  3 wraiths
  3 vampires (D:11)
  5 shadows
  18 yaks
  2 wyverns
  A human (D:11)
  A steam dragon (D:7)
  3 hogs (D:11)
  4 vampire mosquitoes
  2 acid dragons
  9 orc warriors
  A black bear (D:6)
  4 ice beasts
  3 ogres
  13 centaurs
  2 phantoms (D:12)
  2 kobold brigands
  5 bullfrogs
  A gnoll sergeant (D:8)
  7 scorpions
  5 wights (D:8)
  2 troll zombies (D:12)
  8 killer bees
  A vampire bat (D:3)
  8 hounds
  2 gnoll boudas
  3 jellies
  13 orc priests
  A sleepcap (D:5)
  4 iguanas
  14 orc wizards
  3 ogre zombies (D:12)
  13 gnolls
  8 adders
  A shadow imp (D:7)
  2 white imps
  An ufetubus (D:6)
  3 fire bats (D:3)
  47 orcs
  2 spectral bats (D:3)
  8 ball pythons
  3 bat skeletons (D:3)
  A bat zombie (D:3)
  11 endoplasms
  A giant cockroach (D:4)
  8 goblins
  6 hobgoblins
  2 jackals (D:1)
  2 quokkas
  12 bats
  A bat simulacrum (D:3)
  4 frilled lizards
  A goblin skeleton (D:12)
  2 goblin zombies (D:12)
  2 hobgoblin zombies (D:12)
  14 kobolds
  2 orc skeletons (D:12)
  8 orc zombies (D:12)
  2 rats
377 creatures vanquished.

Vanquished Creatures (collateral kills)
  A vault guard (D:13)
  2 centaur warriors
  2 boulder beetles (D:13)
  An ugly thing (D:14)
  2 centaur zombies (D:11)
  Maggie (D:8)
  3 trolls
  A wraith (D:11)
  A basilisk (D:14)
  4 yaks
  A vampire mosquito (D:13)
  An orc warrior (D:9)
  An ogre (Orc:1)
  2 killer bees (D:11)
  A howler monkey (D:9)
  An orc priest (Orc:2)
  5 orc wizards
  An ogre zombie (D:12)
  2 gnolls (D:8)
  9 orcs
  2 goblin zombies (D:12)
  A hobgoblin zombie (D:12)
  An orc zombie (D:12)
46 creatures vanquished.

Vanquished Creatures (others)
  An orc priest (Orc:2)
  3 ancestors
  5 battlemagi
9 creatures vanquished.

Grand Total: 432 creatures vanquished

Notes
Turn   | Place    | Note
-------+----------+-------------------------------------------
     0 | D:1      | Eitelfritz the Hill Orc Fighter began the quest for the
                  | Orb.
     0 | D:1      | Reached XP level 1. HP: 19/19 MP: 1/1
   242 | D:1      | Reached XP level 2. HP: 27/27 MP: 2/2
   298 | D:1      | Reached skill level 3 in Axes
   606 | D:1      | Reached XP level 3. HP: 33/33 MP: 3/3
  1405 | D:2      | Found a faded altar of an unknown god.
  1413 | D:2      | Reached XP level 4. HP: 41/41 MP: 4/4
  1476 | D:2      | Reached skill level 4 in Axes
  2487 | D:3      | Reached XP level 5. HP: 39/47 MP: 5/5
  2561 | D:3      | Reached skill level 5 in Axes
  2719 | D:3      | Reached XP level 6. HP: 46/53 MP: 6/6
  2839 | D:4      | Reached skill level 6 in Axes
  3058 | D:4      | Noticed a water elemental
  3061 | D:4      | Found a stormy altar of Qazlal.
  3067 | D:4      | Noticed an air elemental
  3071 | D:4      | Noticed a fire elemental
  3158 | D:3      | Found a sparkling altar of Nemelex Xobeh.
  3158 | D:3      | Found a bloodstained altar of Trog.
  3647 | D:5      | Entered Level 5 of the Dungeon
  3785 | D:5      | Reached skill level 5 in Fighting
  3861 | D:5      | Reached skill level 1 in Dodging
  3861 | D:5      | Reached XP level 7. HP: 61/61 MP: 7/7
  4332 | D:5      | Found a blossoming altar of Fedhas.
  4351 | D:5      | Reached skill level 7 in Axes
  4354 | D:5      | Reached skill level 5 in Armour
  4638 | D:5      | Reached skill level 8 in Axes
  4638 | D:5      | Reached XP level 8. HP: 29/69 MP: 8/8
  5037 | D:6      | Found a shimmering blue altar of Sif Muna.
  5099 | D:6      | Reached skill level 9 in Axes
  5414 | D:6      | Reached skill level 10 in Axes
  5506 | D:6      | Found a hazy altar of Hepliaklqana.
  5506 | D:6      | Noticed a shadow
  5516 | D:6      | Killed a shadow
  5517 | D:6      | Reached XP level 9. HP: 64/77 MP: 9/9
  5638 | D:6      | Became a worshipper of Hepliaklqana the Forgotten
  5663 | D:6      | Reached skill level 11 in Axes
  6042 | D:7      | Found a basalt altar of Yredelemnul.
  6071 | D:7      | Found a radiant altar of Vehumet.
  6136 | D:7      | Found a staircase to the Ecumenical Temple.
  6167 | Temple   | Entered the Ecumenical Temple
  6627 | D:7      | Reached skill level 5 in Shields
  6903 | D:7      | Reached skill level 12 in Axes
  7029 | D:7      | Reached * piety under Hepliaklqana
  7037 | D:7      | Found a shimmering altar of Xom.
  7155 | D:7      | Found a white marble altar of Elyvilon.
  7508 | D:8      | Reached XP level 10. HP: 68/77 MP: 7/10
  7710 | D:8      | Noticed Maggie
  7715 | D:8      | Killed Maggie
  7977 | D:8      | Reached skill level 13 in Axes
  8042 | D:8      | Found an iron altar of Okawaru.
  8466 | D:9      | Noticed a two-headed ogre
  8480 | D:9      | Killed a two-headed ogre
  8685 | D:9      | Found a sacrificial altar of Ru.
  8729 | D:9      | Noticed a two-headed ogre
  8736 | D:9      | Killed a two-headed ogre
  8737 | D:9      | Reached skill level 1 in Stealth
  8771 | D:9      | Reached skill level 14 in Axes
  8819 | D:9      | Reached XP level 11. HP: 70/85 MP: 9/11
  8979 | D:9      | Reached ** piety under Hepliaklqana
  8999 | D:9      | Got the Elucidation of the Sweltering Dose
  9400 | D:10     | Entered Level 10 of the Dungeon
  9400 | D:10     | Found Veiduqen's Assorted Antiques.
  9443 | D:10     | Found Lykumar's Antique Armour Emporium.
  9495 | D:10     | Noticed a two-headed ogre
  9505 | D:10     | Killed a two-headed ogre
  9561 | D:10     | Reached skill level 15 in Axes
  9588 | D:10     | Found Qepoxy's Weapon Boutique.
  9772 | D:10     | Found Tuifeteva's Antique Armour Shoppe.
  9773 | D:10     | Remembered your ancestor Wolf as a battlemage
  9782 | D:10     | Bought an embroidered cloak for 202 gold pieces
  9782 | D:10     | Bought a glowing buckler for 202 gold pieces
  9836 | D:10     | Found a staircase to the Lair.
  9928 | D:10     | Found a runed translucent gate.
  9928 | D:10     | Found a runed translucent gate.
  9928 | D:10     | Found a runed translucent gate.
  9929 | D:10     | Noticed a 12-headed hydra
  9930 | D:10     | Noticed Kallu's ghost (journeyman DrEE)
  9940 | D:10     | Found Reassuzed's Antique Weapon Shop.
  9948 | D:10     | Bought a transparent war axe for 195 gold pieces
  9948 | D:10     | Identified the +11 war axe "Sarcophage" {speed, rPois} (You
                  | bought it in a shop on level 10 of the Dungeon)
 10003 | D:10     | Found an ornate altar of the Wu Jian Council.
 10116 | D:10     | Found a glowing golden altar of the Shining One.
 10272 | D:11     | Reached *** piety under Hepliaklqana
 10308 | D:11     | Reached skill level 10 in Fighting
 10308 | D:11     | Found a broken altar of Ashenzari.
 10405 | D:11     | Reached skill level 16 in Axes
 10568 | D:11     | Reached XP level 12. HP: 92/96 MP: 12/12
 10904 | D:11     | Reached skill level 5 in Dodging
 11138 | D:10     | Killed a seven-headed hydra
 11139 | D:10     | Reached skill level 17 in Axes
 11146 | D:10     | Killed Kallu's ghost
 11152 | D:10     | Identified the +8 broad axe of the Final Decision {freeze,
                  | Str+3 Dex+3 SInv}
 11281 | D:12     | Noticed a boulder beetle
 11297 | D:12     | Killed a boulder beetle
 11333 | D:12     | Got the Writings on Sparks and the Excursion
 11516 | D:12     | Reached **** piety under Hepliaklqana
 11570 | D:12     | Found a staircase to the Orcish Mines.
 11615 | D:12     | Identified the +2 spear "Ynuxoah" {heavy, Dex+3}
 11892 | D:12     | Noticed a two-headed ogre
 11896 | D:12     | Killed a two-headed ogre
 12230 | D:12     | Identified a scroll of acquirement
 12230 | D:12     | Acquired a manual of Axes
 12348 | D:13     | Noticed a centaur warrior
 12356 | D:13     | Killed a centaur warrior
 12357 | D:13     | Reached skill level 18 in Axes
 12364 | D:13     | Reached XP level 13. HP: 106/106 MP: 13/13
 12598 | D:13     | Reached skill level 19 in Axes
 12766 | D:13     | Noticed a vault guard
 12766 | D:13     | Noticed a vault guard
 12767 | D:13     | Found a gate to the Vaults.
 12767 | D:13     | Noticed a vault guard
 12767 | D:13     | Noticed a vault guard
 12767 | D:13     | Noticed a vault guard
 12768 | D:13     | Noticed a vault guard
 12768 | D:13     | Noticed a vault guard
 12768 | D:13     | Noticed a vault guard
 12777 | D:13     | Killed a vault guard
 12796 | D:13     | Killed a vault guard
 12800 | D:13     | Killed a vault guard
 12810 | D:13     | Killed a vault guard
 12812 | D:13     | Killed a vault guard
 12818 | D:13     | Killed a vault guard
 12820 | D:13     | Killed a vault guard
 12822 | D:13     | Killed a vault guard
 13365 | D:14     | Reached ***** piety under Hepliaklqana
 13395 | D:14     | Reached skill level 20 in Axes
 13549 | D:14     | Reached skill level 10 in Armour
 13626 | D:14     | Found a shimmering altar of Xom.
 13629 | D:14     | Noticed a rakshasa
 13639 | D:14     | Killed a rakshasa
 13659 | D:14     | Reached XP level 14. HP: 117/117 MP: 14/14
 13713 | D:14     | Noticed Agnes
 13728 | D:14     | HP: 3/117 [Agnes/+0 lajatang (19)]
 13734 | D:14     | HP: 3/117 [Agnes/+0 lajatang (26)]
 13735 | D:14     | Killed Agnes
 14472 | Orc:1    | Entered Level 1 of the Orcish Mines
 14486 | Orc:1    | Found a roughly hewn altar of Beogh.
 14806 | Orc:2    | Entered Level 2 of the Orcish Mines
 14828 | Orc:2    | Found Jezagh's Weapon Shop.
 14851 | Orc:2    | HP: 4/119 [sixfirhy[an orc sorcerer] (11)]
 14855 | Orc:2    | Slain by a sixfirhy

Illustrated notes

Levels and vault maps discovered:
D:1:      wheals_arrival_linesprint, layout_basic
D:2:      layout_loops_ring, chequers_ecumenical_altar_island, feat_on_display
D:3:      layout_loops_ring, nicolae_overflow_hidden_temple, goddamned_bats
D:4:      layout_rooms, nicolae_qazlal_style_of_elements, roderic_lattice_a
D:5:      layout_cave_pods, mainiacjoe_overflow_alcove_1
D:6:      layout_basic, lemuel_round_altar, minmay_ruined_shrine
D:7:      layout_loops_cross, kennysheep_little_box, fiery_altar_vehumet,
          kennysheep_ying_yang, minmay_temple_entry_water_ring, kennysheep_dice
D:8:      layout_loops_ring, hellmonk_okawaru_the_only_friend_you_need,
          uniq_maggie
D:9:      layout_long_grid, mainiacjoe_overflow_catwalk,
          nicolae_kite_square_tiling_tiny, st_stairs_12
D:10:     layout_gridville, nzn_wu_jian_contemplation, tso_oasis_becter,
          david_lair_shrubbed, serial_shops, shop, nicolae_shop_statue_plus,
          shop, shop, nicolae_shop_tiny_glass, gammafunk_ghost_hydra_chop,
          hangedman_abyss_or_decor_jellyfish_corner
D:11:     layout_long_grid, serial_undead, serial_undead_d, serial_undead_d,
          serial_undead_f, serial_undead_f, minmay_misc_feat_iff,
          grunt_livestock, cheibrodos_ashenzari_chains
D:12:     layout_basic, zombieorc1_lemuel
D:13:     layout_basic, erik_vaults_2, minmay_statues_item,
          grunt_decor_one_mirror
D:14:     layout_layer_cave, xom_teletrap_fun, uniq_agnes
Temple:   grunt_temple_mini_profane
Orc:1:    layout_diamond_mine, basic_altar
Orc:2:    st_orc_elflike, layout_caves, basic_altar

Skill      XL: |  1  2  3  4  5  6  7  8  9 10 11 12 13 14 |
---------------+-------------------------------------------+-----
Fighting       | 4 5 6 7 8 10 12 13 14 | 14.3
Axes           | 3 4 5 6 8 10 12 14 16 18 20 | 20.8
Armour         | 4 5 6 7 9 10 | 10.0
Shields        | 4 5 6 8 9 |  9.9
Dodging        | 1 2 3 4 5 6 7 |  7.0
Stealth        | 1 2 3 |  3.9
Ranged Weapons | |  0.2

Action                     |  1- 3 |  4- 6 |  7- 9 | 10-12 | 13-15 || total
---------------------------+-------+-------+-------+-------+-------++-------
  Melee: War axe           |    65 |    18 |       |    29 |       ||   112
         Broad axe         |       |   138 |   249 |   392 |   177 ||   956
   Fire: Sling             |       |       |     2 |       |       ||     2
 Invoke: Ancestor Life: Ba |       |       |       |     1 |       ||     1
    Use: Scroll            |       |    10 |     7 |     6 |     2 ||    25
         Potion            |       |       |       |       |     9 ||     9
   Stab: Distracted        |       |       |       |     5 |     2 ||     7
         Sleeping          |       |       |       |     1 |       ||     1
 Armour: Scale mail        |    35 |   109 |    15 |       |       ||   159
         Chain mail        |       |       |    74 |    20 |       ||    94
         Troll leather arm |       |       |       |    79 |    39 ||   118
  Dodge: Dodged            |    37 |   128 |   168 |   288 |   106 ||   727
  Block: Buckler           |    11 |    70 |    51 |    27 |       ||   159
         Kite shield       |       |       |       |   127 |    86 ||   213
